 Dungeon Crawl Stone Soup version 0.16-a0-3939-g9a3e665 (webtiles) character file.

313 timbw the Slasher (level 6, -3/66 HPs)
             Began as an Octopode Berserker on Feb 6, 2015.
             Was a Believer of Trog.
             Slain by an ogre
             ... wielding a +0 giant club
              (13 damage)
             ... on level 6 of the Dungeon.
             The game lasted 00:05:02 (1054 turns).

timbw the Slasher (Octopode Berserker)              Turns: 1054, Time: 00:05:02

Health: -3/66      AC:  1    Str: 22    XL:     6   Next: 43%
Magic:  6/6        EV: 14    Int:  9    God:    Trog [**....]
Gold:   95         SH:  0    Dex: 13    Spells: 0 memorised, 5 levels left

rFire  . . .     SeeInvis .     a - +0 falchion
rCold  . . .     Clarity  .     (no shield)
rNeg   . . .     SustAb   .     (helmet restricted)
rPois  .         Gourm    .     (no amulet)
rElec  .         Spirit   .     f - ring of stealth
rCorr  .         Warding  .     (no ring)
rMut   .         Stasis   .     (no ring)
MR     ++...                    (no ring)
Stlth  ..........               (no ring)
                                (no ring)
                                (no ring)
                                (no ring)

@: berserking, regenerating, very quick, very resistant to hostile enchantments,
extremely unstealthy
A: almost no armour, amphibious, 8 rings, constrict 8, camouflage 1, gelatinous
body 1
a: Burn Spellbooks, Berserk, Trog's Hand, Renounce Religion


You were on level 6 of the Dungeon.
You worshipped Trog.
Trog was pleased with you.
You were not hungry.

You visited 1 branch of the dungeon, and saw 6 of its levels.

You collected 95 gold pieces.

Inventory:

Hand weapons
 a - a +0 falchion (weapon)
Jewellery
 f - a ring of stealth (left tentacle)
Magical devices
 i - a wand of draining (5)
Scrolls
 b - a scroll of teleportation {unknown}
 e - a scroll of fog {unknown}
 g - a scroll of identify {unknown}
 h - a scroll of random uselessness {unknown}
 k - a scroll of noise {unknown}
Potions
 d - a potion of cure mutation {unknown}
Comestibles
 c - a bread ration
 j - 5 chunks of flesh


   Skills:
 + Level 4.3 Fighting
 * Level 5.2 Long Blades
 + Level 4.4 Dodging


You had 5 spell levels left.
You didn't know any spells.

Dungeon Overview and Level Annotations

Branches:
Dungeon (6/15)
 Temple: D:4-7

Altars:
Kikubaaqudgha
Ru
Yredelemnul
The Shining One


Innate Abilities, Weirdness & Mutations

You cannot wear most types of armour.
You are amphibious.
You can wear up to eight rings at the same time.
You can use your tentacles to constrict many enemies at once.
Your skin changes colour to match your surroundings (Stealth).
Your rubbery body absorbs attacks (AC +1).


Message History

Trog appreciates your killing of a magic user.
Reactivating autopickup.
You feel a bit more experienced.
You closely miss the orc priest. You grab the orc priest.
You constrict the orc priest. You hit the orc priest.
The orc priest is moderately wounded.
You constrict the orc priest. The orc priest closely misses you.
You slash the orc priest! You squeeze the orc priest.
You kill the orc priest!
Trog accepts your kill.
You barely miss the kobold. You grab the kobold. You constrict the kobold.
You kill the kobold!
Trog accepts your kill.
You slash the ogre! You squeeze the ogre!
The ogre is almost dead.
You completely miss the ogre.
The ogre is almost dead.
The ogre hits you with a giant club!
You die...

. #. . #. ..# #.
#..##.### #......#
#.....##########.?
#.......@Oo......
##.....###.####..
#.....# .. #
##.)#..# ##
..###....#....
#.....#>#######
..#...#.#
####...#.#
#........#


You could see an ogre and an orc.

Vanquished Creatures
  2 orc priests
  2 giant frog skeletons
  2 orc wizards
  2 worker ants
  A hound skeleton (D:4)
  A worker ant zombie (D:6)
  An adder (D:2)
  A worm (D:2)
  2 giant geckos
  7 orcs
  2 giant cockroaches
  6 goblins
  6 hobgoblins
  4 jackals
  6 kobolds
  2 quokkas
  4 bats
  A giant newt (D:3)
  4 rats
56 creatures vanquished.

Notes
Turn   | Place    | Note
--------------------------------------------------------------
     0 | D:1      | timbw, the Octopode Berserker, began the quest for the Orb.
     0 | D:1      | Reached XP level 1. HP: 16/16 MP: 1/1
    90 | D:1      | Reached XP level 2. HP: 18/21 MP: 2/2
   191 | D:2      | Found a basalt altar of Yredelemnul.
   194 | D:2      | Found a glowing golden altar of the Shining One.
   211 | D:2      | Reached XP level 3. HP: 9/26 MP: 3/3
   325 | D:3      | Acquired Trog's second power
   337 | D:3      | Found a sacrificial altar of Ru.
   372 | D:3      | Found an ancient bone altar of Kikubaaqudgha.
   384 | D:3      | Reached skill level 4 in Long Blades
   384 | D:3      | Reached XP level 4. HP: 2/31 MP: 4/4
   681 | D:4      | Reached XP level 5. HP: 19/37 MP: 5/5
   848 | D:5      | Entered Level 5 of the Dungeon
  1010 | D:6      | Reached XP level 6. HP: 5/43 MP: 6/6
  1039 | D:6      | Noticed an ogre
  1040 | D:6      | Reached skill level 5 in Long Blades
  1054 | D:6      | Slain by an ogre

Action                   |  1- 3 |  4- 6 || total
-------------------------+-------+-------++-------
Melee: Falchion          |    54 |    89 ||   143
Invok: Berserk           |     2 |     1 ||     3
       Trog's Hand       |     1 |     4 ||     5
 Stab: Sleeping          |     3 |     2 ||     5
       Paralysed         |     1 |       ||     1
  Eat: Bread ration      |       |     1 ||     1
